 Dungeon Crawl Stone Soup version 0.21-a0-173-g99db44b (webtiles) character file.

69 Ordine the Magician (level 4, -1/24 HPs)
             Began as a Deep Elf Wizard on Aug 8, 2017.
             Shot with an arrow by a centaur (14 damage)
             ... on level 3 of the Dungeon.
             The game lasted 00:05:39 (1538 turns).

Ordine the Magician (Deep Elf Wizard)               Turns: 1538, Time: 00:05:40

Health: -1/24      AC:  3    Str:  4    XL:     4   Next: 2%
Magic:  2/21       EV: 13    Int: 24    God:
Gold:   130        SH:  0    Dex: 13    Spells: 3/12 levels left

rFire    . . .     SeeInvis .   (no weapon)
rCold    . . .     Gourm    +   (no shield)
rNeg     . . .     Faith    .   a - +0 robe
rPois    .         Spirit   .   b - +1 hat
rElec    .         Reflect  .   (no cloak)
rCorr    .         Harm     .   (no gloves)
MR       .....                  (no boots)
Stlth    ++........             g - amulet of the gourmand
HPRegen  0.08/turn              i - ring of magical power
MPRegen  0.17/turn              (no ring)

@: very slightly contaminated
A: no striking features
a: no special abilities


You were on level 3 of the Dungeon.
You were not hungry.

You visited 1 branch of the dungeon, and saw 3 of its levels.

You collected 130 gold pieces.

Inventory:

Armour
 a - a +0 robe (worn)
 b - a +1 hat (worn)
Jewellery
 g - an amulet of the gourmand (around neck)
 i - a ring of magical power (left hand)
Scrolls
 e - a scroll of blinking
 l - a scroll of fear
Potions
 h - a potion of magic
 j - a potion of curing
Books
 c - a book of Minor Magic

   Spells                             Type                      Level
   a - Magic Dart                     Conjuration                  1
   b - Blink                          Translocation                2
   c - Call Imp                       Summoning                    2
   d - Slow                           Hexes                        2
   e - Conjure Flame                  Conjuration/Fire             3
   f - Mephitic Cloud                 Conjuration/Poison/Air       3
Comestibles
 d - a bread ration
 f - 2 royal jellies


   Skills:
 + Level 3.2 Dodging
 + Level 3.3 Stealth
 + Level 4.8 Spellcasting
 + Level 2.3 Conjurations
   Level 1.1 Summonings
 + Level 1.4 Translocations
 + Level 0.4 Fire Magic
 + Level 0.4 Air Magic


You had 3 spell levels left.
You knew the following spells:

 Your Spells              Type           Power        Failure   Level  Hunger
a - Magic Dart            Conj           ###.         3%          1    None
b - Blink                 Tloc           N/A          8%          2    None
c - Conjure Flame         Conj/Fire      ##......     16%         3    ##.....
d - Mephitic Cloud        Conj/Pois/Air  ##......     19%         3    ##.....


Dungeon Overview and Level Annotations

Branches:
Dungeon (3/15)

Altars:
Cheibriados


Message History

Casting: Magic Dart
Confirm with . or Enter, or press ? or * to list all spells.
You don't have enough magic to cast that spell.
Unknown command.
Casting: Magic Dart
Confirm with . or Enter, or press ? or * to list all spells.
You don't have enough magic to cast that spell.
Unknown command.
You start resting.
You hear the slow rusting of a distant drain.
You see here an adder corpse.
You butcher the adder corpse.
k - a chunk of flesh You start resting.
Eating a chunk of flesh.
You eat the chunk of flesh.
This raw flesh tastes great.
The centaur wields a shortbow.
The centaur shoots an arrow.
The arrow hits you.
A centaur is nearby!
The centaur shoots an arrow.
The arrow hits you!
Ouch! That really hurt!
You die...

....... .........#
.........# .........#
.........# .....b...#
.........##########
............†.(@...#
..........c########.#
...........# #.#
..)........# #.#
...........# #.#
...........# #.#
...........# #.######
........÷..# #......#
.).........# ######.#


You could see a centaur.

Vanquished Creatures
  2 adders
  A worm (D:2)
  A dart slug (D:1)
  A leopard gecko (D:1)
  2 ball pythons (D:3)
  3 giant cockroaches
  9 goblins
  4 hobgoblins
  6 kobolds
  A quokka (D:2)
  6 bats
  3 frilled lizards
  6 rats
45 creatures vanquished.

Notes
Turn   | Place    | Note
-------+----------+-------------------------------------------
     0 | D:1      | Ordine the Deep Elf Wizard began the quest for the Orb.
     0 | D:1      | Reached XP level 1. HP: 10/10 MP: 7/7
   322 | D:1      | Reached XP level 2. HP: 11/15 MP: 3/9
   347 | D:1      | Learned a level 2 spell: Blink
   876 | D:2      | Reached XP level 3. HP: 15/19 MP: 3/11
   945 | D:1      | Learned a level 3 spell: Conjure Flame
   949 | D:1      | Learned a level 3 spell: Mephitic Cloud
  1406 | D:2      | Found a snail-covered altar of Cheibriados.
  1497 | D:3      | Noticed a centaur
  1503 | D:3      | Noticed a phantom
  1525 | D:3      | Reached XP level 4. HP: 15/24 MP: 2/12
  1538 | D:3      | Shot with an arrow by a centaur

Vault maps used:
D:1:      dpeg_arrival_leaves_temple_mockup, minmay_misc_feat_plants,
          kennysheep_pointless_box
D:2:      marbit_many_paths, minmay_domino_4
D:3:      old_standard_altar, portal_sewer_entry_a, uniq_jessica

Skill      XL: |  1  2 |
---------------+-------+-----
Conjurations   | 2 |  2.3
Stealth        | 3 |  3.3
Dodging        | 3 |  3.2
Spellcasting   | |  4.8
Summonings     | |  1.1
Translocations | |  1.4
Fire Magic     | |  0.4
Air Magic      | |  0.4

Action                   |  1- 3 |  4- 6 || total
-------------------------+-------+-------++-------
 Cast: Magic Dart        |    92 |     3 ||    95
       Mephitic Cloud    |     3 |       ||     3
       Conjure Flame     |     1 |       ||     1
       Blink             |     1 |       ||     1
  Use: Scroll            |    10 |       ||    10
       Potion            |     2 |       ||     2
  Eat: Chunk             |     9 |     1 ||    10
Armor: Robe              |    11 |       ||    11
Dodge: Dodged            |    34 |       ||    34
